 Dungeon Crawl Stone Soup version 0.29.1-15-g9cfb28693d (webtiles) character file.

Game seed: 10568195341671185972

74 BuddhaDhamma the Chopper (level 4, -5/39 HPs)
             Began as a Minotaur Berserker on Mar 8, 2023.
             Was a Believer of Trog.
             Killed from afar by an orc wizard (6 damage)
             ... with a puff of flame
             ... on level 3 of the Dungeon.
             The game lasted 00:03:00 (2428 turns).

BuddhaDhamma the Chopper (Minotaur Berserker)       Turns: 2428, Time: 00:03:00

Health: -5/39      AC:  5    Str: 30    XL:     4   Next: 10%
Magic:  3/3        EV: 11    Int:  4    God:    Trog [**....]
Gold:   142        SH:  0    Dex:  9    Spells: 3/3 levels left

rFire   . . .      SeeInvis .   n - +0 war axe
rCold   . . .      Faith    .   (no shield)
rNeg    + . .      Spirit   .   h - +0 ring mail
rPois   .          Reflect  .   (helmet restricted)
rElec   .          Harm     .   (no cloak)
rCorr   .          Rampage  .   (no gloves)
Will    .....                   (no boots)
Stlth   ..........              (no amulet)
HPRegen 0.13/turn               f - +6 ring of strength
MPRegen 0.08/turn               k - ring of positive energy

@: confused, on berserk cooldown, slowed, very slow
A: horns 2, retaliatory headbutt
a: Renounce Religion, Berserk, Trog's Hand


You were on level 3 of the Dungeon.
You worshipped Trog.
Trog was pleased with you.
You visited 1 branch of the dungeon, and saw 3 of its levels.

You collected 142 gold pieces.

Inventory:

Hand Weapons
 n - a +0 war axe (weapon)
Armour
 h - a +0 ring mail (worn)
Jewellery
 f - a +6 ring of strength (left hand)
 k - a ring of positive energy (right hand)
Scrolls
 c - 2 scrolls of fear {unknown}
 d - 2 scrolls of identify {unknown}
 i - a scroll of silence {unknown}
 m - a scroll of teleportation {unknown}
Potions
 b - a potion of brilliance {unknown}
 e - a potion of attraction {unknown}
 g - a potion of curing {unknown}
 j - a potion of flight {unknown}
 l - a potion of lignification {unknown}


   Skills:
 - Level 3.6 Fighting
 + Level 6.0 Axes
 - Level 2.4 Armour
 - Level 2.1 Dodging


You had 3 spell levels left.
You didn't know any spells.
Your spell library was empty.

Dungeon Overview and Level Annotations

Branches:
Dungeon (3/15)

Altars:
The Shining One

Shops:
D:2 ?


Innate Abilities, Weirdness & Mutations

You have a pair of horns on your head.
You reflexively headbutt those who attack you in melee.


Message History

The boomerang closely misses you. Something hits you but does no damage.
You barely miss something. Your headbutt misses something. Something hits you.
* * * LOW HITPOINT WARNING * * *
You miss something.
The orc throws a boomerang.
The boomerang barely misses you.
You hear some strange, mumbled words.
You are confused.
You closely miss something.
The orc throws a boomerang.
The boomerang closely misses you.
You see here a +0 dagger.
You're too confused to move!
You feel a strong urge to attack something.
The orc throws a boomerang.
The boomerang hits you.
* * * LOW HITPOINT WARNING * * *
Something hits you but does no damage.
You bump into the rock wall.
You are no longer berserk.
You are exhausted.
You feel yourself slow down.
You closely miss something. Something hits you.
* * * LOW HITPOINT WARNING * * *
You hear some strange, mumbled words.
You are more confused.
You're too confused to move!
You hear some strange, mumbled words.
Something tries to affect you, but you resist.
Something hits you but does no damage. Something hits you but does no damage.
You bump into the rock wall.
You hear some strange, mumbled words.
You are more confused.
Something hits you.
* * * LOW HITPOINT WARNING * * *
You bump into the rock wall.
Something hits you.
* * * LOW HITPOINT WARNING * * *
You bump into the rock wall.
The orc throws a boomerang.
You hear some strange, mumbled words.
A puff of flame appears from out of thin air!
The puff of flame hits you.
You die...

#..#..#.#
#.##.##.#
#.##.##.# ##
#.......# #..
####.#### #...
#.# ..... #.#
..<...#######.#
......oo{@....#
#...#.#########
# #


You could see 2 orcs.

Vanquished Creatures
  An adder (D:2)
  A worm (D:2)
  2 dart slugs (D:1)
  5 orcs (D:3)
  2 bats (D:1)
  6 endoplasms
  A giant cockroach (D:2)
  3 goblins
  7 hobgoblins
  4 jackals (D:1)
  2 quokkas
  5 ball pythons
  2 frilled lizards
  6 kobolds
  2 rats
49 creatures vanquished.

Vanquished Creatures (others)
  4 plants (D:1)
4 creatures vanquished.

Grand Total: 53 creatures vanquished

Notes
Turn   | Place    | Note
-------+----------+-------------------------------------------
     0 | D:1      | BuddhaDhamma the Minotaur Berserker began the quest for the
                  | Orb.
     0 | D:1      | Reached XP level 1. HP: 19/19 MP: 0/0
   154 | D:1      | Reached skill level 4 in Axes
   159 | D:1      | Reached XP level 2. HP: 22/26 MP: 1/1
   662 | D:1      | Found a faded altar of an unknown god.
  1004 | D:1      | Reached skill level 5 in Axes
  1223 | D:1      | Reached XP level 3. HP: 29/31 MP: 2/2
  1646 | D:2      | Found Kilopn's Magic Scroll Shop.
  1752 | D:2      | Found a glowing golden altar of the Shining One.
  2178 | D:2      | Reached ** piety under Trog
  2396 | D:3      | Reached XP level 4. HP: 31/39 MP: 3/3
  2399 | D:3      | Reached skill level 6 in Axes
  2427 | D:3      | HP: 1/39 [something (3)]
  2428 | D:3      | Killed from afar by an orc wizard

Illustrated notes

Levels and vault maps discovered:
D:1:      dpeg_chamrin_arrival_tetris, layout_basic, serial_forest,
          infiniplex_forest_lined_room_2, infiniplex_forest_lined_room_2,
          infiniplex_forest_lined_room_3, infiniplex_forest_clump_C,
          hellmonk_ecumenical_altar_leap_of_faith
D:2:      layout_loops_corners, basic_altar, serial_shops, nicolae_shop_trees
D:3:      layout_loops_cross, nicolae_overflow_ecumenical_swirl, zin_statuary,
          kennysheep_generic_room_6

Skill      XL: |  1  2  3  4 |
---------------+-------------+-----
Axes           | 4 5 6 |  6.0
Fighting       | |  3.6
Armour         | |  2.4
Dodging        | |  2.1

Action                   |  1- 3 |  4- 6 || total
-------------------------+-------+-------++-------
Melee: Hand axe          |    91 |       ||    91
       Headbutt          |    10 |     1 ||    11
       War axe           |     3 |    22 ||    25
       Punch             |     2 |       ||     2
Invok: Berserk           |       |     1 ||     1
 Stab: Sleeping          |     1 |       ||     1
Armor: Animal skin       |     7 |       ||     7
       Ring mail         |    17 |    12 ||    29
Dodge: Dodged            |    61 |     9 ||    70
